Map: Divergence LE

Players

DarkKnight

  • Race: Protoss Protoss
  • Spawn Location: 11:00

balouboi

  • Race: Zerg Zerg
  • League: Diamond
  • Spawn Location: 11:00

Massa - Winner!

  • Race: Terran Terran
  • League: Gold
  • Spawn Location: 5:00

qqq - Winner!

  • Race: Zerg Zerg
  • League: Platinum
  • Spawn Location: 5:00

VOD

Have the link to the VOD?

Description

Time

  • Played on: May 19, 2020, 2:58 p.m.
  • Length: 5:00
Show
View Real Time Build Order
Export as new Build Order

DarkKnight Protoss 

Build Orders: Dark Templar Rush 

Get SALT Encoding   

  12  0:04  Probe  
  13  0:17  Probe  
  13  0:19  Pylon  
  14  0:29  Probe  
  15  0:37  Gateway  
  15  0:41  Probe  
  16  0:47  Assimilator  
  16  0:53  Probe (Chrono Boost)  
  17  1:04  Probe (Chrono Boost)  
  18  1:09  Probe (Chrono Boost)  
  19  1:16  Assimilator  
  19  1:17  Pylon  
  20  1:20  Probe (Chrono Boost)  
  20  1:25  Probe (Chrono Boost)  
  20  1:26  Cybernetics Core  
  21  1:35  Probe  
  22  2:03  Adept  
  22  2:04  Warp Gate  
  24  2:18  Twilight Council  
  24  2:20  Probe  
  25  2:26  Nexus  
  25  2:35  Probe  
  26  2:46  Robotics Facility  
  26  2:47  Probe  
  27  2:59  Probe  
  28  3:06  Dark Shrine  
  28  3:11  Probe  
  29  3:16  Pylon  
  29  3:23  Probe  
  30  3:31  Shield Battery  
  30  3:32  Shield Battery  
  30  3:35  Adept  
  32  3:44  Probe  
  32  3:46  Gateway  
  33  4:09  Probe  
  33  4:21  Dark Templar  
  33  4:22  Probe  
  36  4:42  Dark Templar  
Show
View Real Time Build Order
Export as new Build Order

balouboi Zerg 

Build Orders: Hatch First 

Get SALT Encoding   

  12  0:01  Drone  
  13  0:13  Overlord  
  13  0:17  Drone  
  14  0:31  Drone x2  
  16  0:50  Hatchery  
  16  0:53  Drone  
  16  0:57  Drone  
  16  1:01  Drone  
  18  1:06  Extractor  
  17  1:18  Spawning Pool  
  17  1:21  Drone  
  17  1:25  Drone  
  18  1:29  Drone  
  19  1:40  Drone  
  20  1:53  Overlord  
  20  2:07  Drone x2  
  22  2:10  Queen  
  22  2:11  Queen  
  22  2:15  Metabolic Boost  
  26  2:20  Zergling x2  
  26  2:21  Zergling x2  
  28  2:23  Drone  
  28  2:29  Drone  
  30  2:35  Drone  
  30  2:36  Drone  
  32  2:45  Drone x2  
  34  2:55  Drone  
  34  2:56  Drone  
  36  3:07  Overlord  
  36  3:23  Hatchery, Queen  
  36  3:24  Spine Crawler  
  36  3:26  Spine Crawler, Zergling x6  
  36  3:28  Spine Crawler  
  35  3:35  Zergling x2  
  35  3:37  Overlord  
  36  3:54  Zergling x2  
  36  3:55  Zergling x10  
Show
View Real Time Build Order
Export as new Build Order

Massa Terran - Winner!

Build Orders:  

Get SALT Encoding   

  12  0:12  Supply Depot  
  12  0:13  SCV  
  13  0:25  SCV  
  14  0:37  Barracks  
  14  0:38  SCV  
  15  0:50  SCV  
  16  0:58  Supply Depot  
  16  1:02  SCV  
  17  1:14  SCV  
  18  1:31  Barracks x2  
  18  1:34  Marine  
  18  1:36  SCV  
  20  1:52  Marine  
  21  1:59  SCV  
  22  2:04  Refinery  
  22  2:10  Marine  
  22  2:11  SCV  
  24  2:18  Barracks  
  24  2:28  Marine  
  25  2:36  SCV  
  26  2:40  Marine x2  
  27  2:46  Marine  
  27  2:49  Supply Depot  
  28  2:52  Supply Depot  
  28  2:58  Marine x2  
  28  3:03  Supply Depot  
  28  3:04  Marine  
  31  3:10  Marine  
  32  3:16  Marine x2  
  34  3:20  Orbital Command  
  34  3:22  Marine  
  35  3:28  Marine  
  36  3:40  Factory  
  36  3:44  Marine x2  
  36  3:45  Refinery, Marine  
  39  4:05  Marine x4  
  38  4:22  Marine  
  38  4:23  Marine x3  
  39  4:40  Marine x2  
  39  4:41  Marine  
Show
View Real Time Build Order
Export as new Build Order

qqq Zerg - Winner!

Build Orders: Hatch First 

Get SALT Encoding   

  12  0:04  Drone  
  13  0:09  Drone  
  14  0:40  Hatchery  
  13  0:52  Spawning Pool  
  12  1:06  Overlord  
  12  1:07  Drone x2  
  12  1:10  Extractor  
  13  1:18  Drone  
  14  1:30  Drone  
  15  1:39  Queen  
  17  1:41  Drone  
  18  1:50  Zergling x2  
  18  1:53  Queen  
  21  1:57  Drone  
  22  2:02  Zergling x2  
  22  2:08  Drone  
  24  2:13  Metabolic Boost  
  24  2:19  Zergling x2  
  24  2:21  Zergling x2  
  26  2:29  Overlord  
  26  2:32  Zergling x2  
  27  2:39  Zergling x2  
  28  2:44  Overlord  
  28  2:51  Baneling Nest  
  27  2:57  Drone  
  27  2:58  Zergling x2  
  29  3:02  Zergling x2  
  30  3:06  Zergling x2  
  30  3:09  Zergling x2  
  32  3:15  Zergling x2  
  32  3:16  Zergling x2  
  32  3:19  Drone  
  35  3:28  Zergling x4  
  37  3:34  Zergling x2  
  37  3:35  Zergling x2  
  37  3:37  Zergling x2  
  40  3:43  Overlord  
  36  4:03  Zergling x4  
  36  4:04  Zergling x8  
  36  4:06  Drone  
  42  4:21  Zergling x6  
  42  4:22  Drone, Zergling x2  
Tags
 
Add a new tag
Caveats
  • Supply blocks, unpowered buildings, or Contaminate may cause inaccurate times.
  • Supply counts are checked every 10 seconds.